 Dungeon Crawl Stone Soup version 0.28.0-53-g5a82cb258f (webtiles) character file.

Game seed: 13638647655499924458

7 styxcanada the Sneak (level 1, 0/10 HPs)
             Began as a Spriggan Brigand on June 4, 2022.
             Constricted to death by a ball python (1 damage)
             ... on level 1 of the Dungeon.
             The game lasted 00:00:56 (369 turns).

styxcanada the Sneak (Spriggan Brigand)              Turns: 369, Time: 00:00:57

Health: 0/10       AC:  3    Str:  7    XL:     1   Next: 83%
Magic:  2/2        EV: 13    Int: 12    God:
Gold:   0          SH:  0    Dex: 16    Spells: 0/0 levels left

rFire   . . .      SeeInvis +   a - +2 dagger
rCold   . . .      Faith    .   (no shield)
rNeg    . . .      Spirit   .   b - +0 robe
rPois   .          Reflect  .   (helmet restricted)
rElec   .          Harm     .   c - +0 cloak
rCorr   .          Rampage  .   (gloves unavailable)
Will    .....                   (boots unavailable)
Stlth   +++.......              (no amulet)
HPRegen 0.03/turn               (no ring)
MPRegen 0.08/turn               (no ring)

@: constricted, very quick
A: very small, no large weapons, unfitting armour, see invisible, speed 3
a: no special abilities


You were on level 1 of the Dungeon.
You visited 1 branch of the dungeon, and saw 1 of its levels.

Inventory:

Hand Weapons
 a - a +2 dagger (weapon)
Missiles
 d - 8 poisoned darts (quivered)
 e - 2 curare-tipped darts
 g - 38 stones
Armour
 b - a +0 robe (worn)
 c - a +0 cloak (worn)
Scrolls
 f - a scroll of teleportation {unknown}
Potions
 h - a potion of haste {unknown}
 i - a potion of invisibility {unknown}
 j - a potion of degeneration {unknown}


   Skills:
 + Level 1.5 Fighting
 + Level 2.1 Short Blades
 + Level 2.0 Throwing
 + Level 1.3 Dodging
 + Level 6.5 Stealth


You couldn't memorise any spells.
You didn't know any spells.
Your spell library was empty.

Dungeon Overview and Level Annotations

Branches:
Dungeon (1/15)

Altars:


Innate Abilities, Weirdness & Mutations

You are very small and have problems with some larger weapons.
You are too small for most types of armour.
You have supernaturally acute eyesight. (SInv)
You cover ground extremely quickly. (Speed+++)


Message History

You kill the endoplasm!
You start resting.
HP restored.
A ball python comes into view.
Found a stone staircase leading down.
You see here 18 stones.
g - 38 stones (gained 18)
Found 10 stones.
A rat, a dart slug, a kobold, a frilled lizard and a hobgoblin come into view.
The kobold is wielding a +2 short sword of draining.
The kobold shouts!
The hobgoblin shouts!
The frilled lizard hisses angrily.
You barely miss the ball python. The ball python barely misses you.
The ball python grabs you. The ball python constricts you.
The dart slug launches a dart at you. The slug dart hits you.
Ouch! That really hurt!
You escape the ball python's grasp.
There are monsters nearby!
There are monsters nearby!
There are monsters nearby!
You closely miss the ball python. The ball python misses you. x2
The ball python completely misses you. The ball python grabs you.
The ball python constricts you.
You hit the ball python.
The ball python is severely wounded.
The ball python bites you but does no damage.
The ball python constricts you.
You closely miss the ball python.
The ball python is severely wounded.
The ball python barely misses you. The ball python constricts you.
You closely miss the ball python.
The ball python is severely wounded.
The ball python barely misses you. The ball python constricts you.
You barely miss the ball python.
The ball python is severely wounded.
The ball python bites you.
* * * LOW HITPOINT WARNING * * *
The ball python constricts you.
You die...

## # ### ## ≈# #... ..# .##
##.## #.# #
#≈###...######.## ..
≈.....#.....#...###.. ..#
#≈≈.#...#.....#...... ...#
###.........#...# .....
≈≈≈≈.#.##...#...#####......
≈8#≈##.##.......@SwKr......
≈##.#...........####.......
....#.............. ...>...
..............##### ....(..
###.#........## ##..... #
#.#.......## ..... #
#.........# .... #
########### #.#. ########


You could see a dart slug, a ball python, a kobold and a rat.

Vanquished Creatures
  An endoplasm (D:1)
  A goblin (D:1)
  A hobgoblin (D:1)
  A kobold (D:1)
  A ball python (D:1)
  A spectral goblin (D:1)
6 creatures vanquished.

Notes
Turn   | Place    | Note
-------+----------+-------------------------------------------
     0 | D:1      | styxcanada the Spriggan Brigand began the quest for the
                  | Orb.
     0 | D:1      | Reached XP level 1. HP: 10/10 MP: 2/2
    71 | D:1      | Found a faded altar of an unknown god.
    75 | D:1      | Reached skill level 6 in Stealth
   369 | D:1      | Constricted to death by a ball python

Illustrated notes

Levels and vault maps discovered:
D:1:      dpeg_arrival_snail, layout_loops_ring,
          dreamdust_ecumenical_altar_drowned_temple

Skill      XL: |  1 |
---------------+----+-----
Stealth        | 6 |  6.5
Fighting       | |  1.5
Short Blades   | |  2.1
Throwing       | |  2.0
Dodging        | |  1.3

Action                   || total
-------------------------++-------
Melee: Dagger            ||    24
 Stab: Sleeping          ||     2
Armor: Robe              ||     1
Dodge: Dodged            ||    15
